 Dungeon Crawl Stone Soup version 0.30.0-18-gc0e69614cb (webtiles) character file.

Game seed: 10636146368208000497

394 ChrisAssaf the Conjurer (level 6, -17/44 HPs)
             Began as a Gnoll Conjurer on May 25, 2023.
             Demolished by an ogre
             ... wielding a +0 giant club
              (18 damage)
             ... on level 4 of the Dungeon on May 26, 2023.
             The game lasted 00:09:31 (2527 turns).

ChrisAssaf the Conjurer (Gnoll Conjurer)            Turns: 2527, Time: 00:09:32

Health: -17/44     AC:  6    Str:  8    XL:     6   Next: 81%
Magic:  4/14       EV: 23    Int: 17    God:
Gold:   230        SH:  0    Dex: 22    Spells: 4/16 levels left

rFire   . . .        q - melded +0 dagger (elec)
rCold   . . .        j - melded orb {*Rage}
rNeg    . . .        a - melded +0 robe
rPois   x            (helmet currently unavailable)
rElec   .            v - melded scarf {+Inv}
rCorr   .            (gloves currently unavailable)
SInv    .            (boots currently unavailable)
Will    .....        (no amulet)
Stlth   +++          e - +6 ring of dexterity
HPRegen 0.27/turn    h - +4 ring of protection
MPRegen 0.14/turn

%: no passive effects
@: mighty, spider-form, flying, very slightly contaminated
A: venomous fangs, tiny, (fangs 1), strong nose, distributed training
a: End Transformation


You were on level 4 of the Dungeon.
You were a venomous arachnid creature.
You visited 1 branch of the dungeon, and saw 4 of its levels.

You collected 230 gold pieces.

Inventory:

Hand Weapons
 d - a +0 short sword
 q - a +0 dagger of electrocution (melded)
Missiles
 s - 2 poisoned darts (quivered)
Armour
 a - a +0 robe (melded)
 j - an orb of wrath (melded)
 v - a scarf of invisibility (melded)
Jewellery
 e - a +6 ring of dexterity (left front pincers)
 h - a +4 ring of protection (right front pincers)
 u - a ring of flight
 x - a ring of positive energy
Wands
 k - a wand of digging (3)
Scrolls
 b - a scroll of enchant weapon {unknown}
 c - a scroll of enchant armour {unknown}
 f - a scroll of blinking {unknown}
 i - a scroll of fog
 l - a scroll of fear {unknown}
 m - a scroll of identify {unknown}
 n - a scroll of immolation {unknown}
 o - a scroll of torment {unknown}
 w - 2 scrolls of teleportation
Potions
 t - a potion of curing {unknown}


   Skills:
 + Level 2.2 Fighting
 + Level 2.2 Short Blades
 + Level 2.2 Long Blades
 + Level 2.2 Axes
 + Level 2.2 Maces & Flails
 + Level 2.2 Polearms
 + Level 2.2 Staves
 + Level 2.2 Ranged Weapons
 + Level 2.2 Throwing
 + Level 2.2 Armour
 + Level 5.1 Dodging
 + Level 4.7 Stealth
 + Level 2.2 Shields
 + Level 2.2 Unarmed Combat
 + Level 5.5 Spellcasting
 + Level 7.3 Conjurations
 + Level 1.8 Hexes
 + Level 1.8 Summonings
 + Level 1.8 Necromancy
 + Level 1.8 Translocations
 + Level 1.8 Transmutations
 + Level 1.8 Fire Magic
 + Level 1.8 Ice Magic
 + Level 1.8 Air Magic
 + Level 1.8 Earth Magic
 + Level 1.8 Poison Magic
 + Level 2.4 Invocations
 + Level 2.2 Evocations


You had 4 spell levels left.
You knew the following spells:

 Your Spells              Type           Power      Damage    Failure   Level
a - Magic Dart            Conj           100%       1d8       4%          1
b - Searing Ray           Conj           58%        2d6       5%          2
c - Ignite Poison         Fire/Tmut/Pois 10%        N/A       38%         3
d - Mephitic Cloud        Conj/Pois/Air  17%        N/A       22%         3
e - Spider Form           Tmut/Pois      10%        N/A       38%         3

Your spell library contained the following spells:

 Spells                   Type           Power      Damage    Failure   Level
 Beastly Appendage        Tmut           20%        N/A       17%         1
 Dazzling Flash           Conj/Hex       40%        N/A       17%         3
 Call Imp                 Summ           20%        N/A       24%         2
 Wereblood                Tmut           10%        N/A       24%         2
 Fulminant Prism          Conj/Hex       10%        3d9       41%         4
 Iskenderun's Mystic Bla  Conj/Tloc      20%        2d6       41%         4
 Sticky Flame             Conj/Fire      20%        2d4       41%         4
 Ignition                 Fire           5%         3d4       100%        8


Dungeon Overview and Level Annotations

Branches:
Dungeon (4/15)
 Temple: D:4-7

Altars:
Elyvilon
Hepliaklqana
Vehumet

Annotations:
D:4 Dowan, Duvessa


Innate Abilities, Weirdness & Mutations

You are a venomous arachnid creature.
You have venomous fangs.
You are tiny and dextrous.
Your spellcasting is less reliable in this form.
Your armour is entirely melded.
You are incapable of wielding weapons or throwing items.
((You have very sharp teeth.))
Your uncanny sense of smell can sniff out nearby items.
Your experience applies equally to all skills.


Message History

Confirm with . or Enter, or press ? or * to list all spells.
You miscast Ignite Poison.
You are very lightly contaminated with residual magic.
Nothing appears to happen.
A scorpion comes into view.
The ogre hits you with a +0 giant club.
Casting: Ignite Poison (dangerous; 19% risk of failure)
Confirm with . or Enter, or press ? or * to list all spells.
You ignite the poison in your surroundings!
The ogre seems to burn from within!
The ogre is heavily wounded.
The howler monkey hoots and howls with incredible vigour!
You hear a shout!
You hear an angry hiss.
Casting: Ignite Poison (dangerous; 19% risk of failure)
Confirm with . or Enter, or press ? or * to list all spells.
Okay, then.
Casting: Ignite Poison (dangerous; 19% risk of failure)
Confirm with . or Enter, or press ? or * to list all spells.
You turn into a venomous arachnid creature.
Your +0 dagger of electrocution melds into your body.
Your scarf of invisibility melds into your body.
Your orb of wrath melds into your body.
Your +0 robe melds into your body.
Your +0 dagger of electrocution stops crackling.
The ogre hits you with a +0 giant club!
* * * LOW HITPOINT WARNING * * *
You hit the ogre but do no damage.
The ogre is heavily wounded.
The howler monkey barely misses you. The ogre hits you with a +0 giant club!
* * * LOW HITPOINT WARNING * * *
The howler monkey hoots and howls with incredible vigour!
You hear a shout!
Unknown command.
It was a potion of flight.
You feel very buoyant.
You fly up into the air.
The howler monkey completely misses you.
It was a potion of might.
You feel very mighty all of a sudden.
The ogre hits you with a +0 giant club!!
You die...

##...# #....# #..#
##....# #..# ##<...##
##..# .##....#### ##...#
..........###....###
.#.............?...###
##..............)h...##
#.......#.......sO(..(#
..†...###...#....s..(...
.....## #...##..........
....## #..####........(
....# #..# #.e.......
....# #..# #.........
#..## ..## #.........
##..# #..# ....>.....
#..####..


You could see Duvessa, an ogre, a scorpion and a howler monkey.

Vanquished Creatures
  Menkaure (D:4)
  2 scorpions (D:4)
  A hound (D:4)
  4 adders (D:3)
  3 worms
  3 dart slugs (D:1)
  3 orcs
  9 endoplasms
  7 giant cockroaches
  10 hobgoblins
  3 jackals
  4 quokkas
  8 ball pythons
  3 bats
  2 frilled lizards (D:3)
  A goblin (D:4)
  9 kobolds
73 creatures vanquished.

Notes
Turn   | Place    | Note
-------+----------+-------------------------------------------
     0 | D:1      | ChrisAssaf the Gnoll Conjurer began the quest for the Orb.
     0 | D:1      | Reached XP level 1. HP: 13/13 MP: 6/6
    83 | D:1      | Reached XP level 2. HP: 19/19 MP: 1/7
    87 | D:1      | Learned a level 2 spell: Searing Ray
   498 | D:2      | Reached skill level 5 in Spellcasting
   498 | D:2      | Reached XP level 3. HP: 25/25 MP: 5/9
   565 | D:2      | Learned a level 3 spell: Ignite Poison
   649 | D:2      | Reached skill level 1 in Invocations
   756 | D:2      | Learned a level 3 spell: Mephitic Cloud
   794 | D:3      | Reached skill level 1 in Fighting
   794 | D:3      | Reached skill level 1 in Short Blades
   794 | D:3      | Reached skill level 1 in Long Blades
   794 | D:3      | Reached skill level 1 in Axes
   794 | D:3      | Reached skill level 1 in Maces & Flails
   794 | D:3      | Reached skill level 1 in Polearms
   794 | D:3      | Reached skill level 1 in Staves
   794 | D:3      | Reached skill level 1 in Ranged Weapons
   794 | D:3      | Reached skill level 1 in Throwing
   794 | D:3      | Reached skill level 1 in Armour
   794 | D:3      | Reached skill level 1 in Shields
   794 | D:3      | Reached skill level 1 in Unarmed Combat
   794 | D:3      | Reached skill level 1 in Evocations
   846 | D:3      | Found a hazy altar of Hepliaklqana.
  1201 | D:3      | Reached XP level 4. HP: 32/32 MP: 8/11
  1378 | D:3      | Reached skill level 1 in Hexes
  1378 | D:3      | Reached skill level 1 in Summonings
  1378 | D:3      | Reached skill level 1 in Necromancy
  1378 | D:3      | Reached skill level 1 in Translocations
  1378 | D:3      | Reached skill level 1 in Transmutations
  1378 | D:3      | Reached skill level 1 in Fire Magic
  1378 | D:3      | Reached skill level 1 in Ice Magic
  1378 | D:3      | Reached skill level 1 in Air Magic
  1378 | D:3      | Reached skill level 1 in Earth Magic
  1378 | D:3      | Reached skill level 1 in Poison Magic
  1856 | D:4      | Noticed Duvessa
  1857 | D:4      | Noticed Dowan
  2001 | D:4      | Noticed a scorpion
  2002 | D:4      | Found a white marble altar of Elyvilon.
  2008 | D:4      | Reached XP level 5. HP: 35/37 MP: 7/12
  2008 | D:4      | Noticed Menkaure
  2044 | D:4      | Killed Menkaure
  2045 | D:4      | Reached skill level 5 in Dodging
  2045 | D:4      | Reached XP level 6. HP: 23/44 MP: 11/14
  2251 | D:4      | Learned a level 3 spell: Spider Form
  2454 | D:4      | Found a radiant altar of Vehumet.
  2525 | D:4      | HP: 1/44 [ogre/+0 giant club (13)]
  2527 | D:4      | Demolished by an ogre

Illustrated notes

Levels and vault maps discovered:
D:1:      sevenhm_arrival_forest_fort_small_3, layout_loops_ring,
          hellmonk_ecumenical_altar_run_dry
D:2:      layout_loops_cross, kennysheep_generic_room_10
D:3:      minmay_bubble_buster, layout_basic, nicolae_hepliaklqana_hippocampus,
          chequers_serial_rivers_marsh
D:4:      layout_layer_cave, marbit_many_paths, lemuel_round_altar,
          minmay_temple_entry_junction, minmay_ruined_shrine, uniq_menkaure,
          uniq_duvessa

Skill      XL: |  1  2  3  4  5 |
---------------+----------------+-----
Spellcasting   | 5 |  5.5
Invocations    | 1 2 |  2.4
Fighting       | 1 2 |  2.2
Short Blades   | 1 2 |  2.2
Long Blades    | 1 2 |  2.2
Axes           | 1 2 |  2.2
Maces & Flails | 1 2 |  2.2
Polearms       | 1 2 |  2.2
Staves         | 1 2 |  2.2
Ranged Weapons | 1 2 |  2.2
Throwing       | 1 2 |  2.2
Armour         | 1 2 |  2.2
Shields        | 1 2 |  2.2
Unarmed Combat | 1 2 |  2.2
Evocations     | 1 2 |  2.2
Hexes          | 1 |  1.8
Summonings     | 1 |  1.8
Necromancy     | 1 |  1.8
Translocations | 1 |  1.8
Transmutations | 1 |  1.8
Fire Magic     | 1 |  1.8
Ice Magic      | 1 |  1.8
Air Magic      | 1 |  1.8
Earth Magic    | 1 |  1.8
Poison Magic   | 1 |  1.8
Dodging        | 5 |  5.1
Stealth        | |  4.7
Conjurations   | |  7.3

Action                     |  1- 3 |  4- 6 || total
---------------------------+-------+-------++-------
  Melee: Short sword       |    31 |     2 ||    33
         Bite              |     1 |     3 ||     4
         Dagger            |       |    35 ||    35
         Unarmed           |       |     1 ||     1
  Throw: Dart              |       |     7 ||     7
   Cast: Magic Dart        |    10 |     1 ||    11
         Searing Ray       |    12 |    20 ||    32
         Ignite Poison     |       |     3 ||     3
         Spider Form       |       |     1 ||     1
    Use: Scroll            |     1 |     3 ||     4
         Potion            |       |     4 ||     4
   Stab: Sleeping          |     9 |     3 ||    12
 Armour: Robe              |     9 |    19 ||    28
  Dodge: Dodged            |    41 |    65 ||   106
